 Dungeon Crawl Stone Soup version 0.19-a0-1238-gee6bd96 (webtiles) character file.

67 PurpleRed the Conjurer (level 3, -1/19 HPs)
             Began as a Deep Elf Conjurer on Aug 26, 2016.
             Slain by a jackal skeleton (2 damage)
             ... on level 5 of the Dungeon.
             The game lasted 00:03:56 (399 turns).

PurpleRed the Conjurer (Deep Elf Conjurer)           Turns: 399, Time: 00:03:57

Health: -1/19      AC:  2    Str:  5    XL:     3   Next: 98%
Magic:  3/10       EV: 13    Int: 20    God:
Gold:   33         SH:  0    Dex: 15    Spells: 2 memorised, 7 levels left

rFire  . . .     SeeInvis .     (no weapon)
rCold  . . .     Gourm    .     a - +0 robe
rNeg   . . .     Faith    .     (no shield)
rPois  .         Spirit   .     (no helmet)
rElec  .         Dismiss  .     (no cloak)
rCorr  .         Reflect  .     (no gloves)
MR     .....     Harm     .     (no boots)
Stlth  ++........               (no amulet)
                                (no ring)
                                (no ring)

@: no status effects
A: no striking features
a: no special abilities


You were on level 5 of the Dungeon.
You were not hungry.

You visited 1 branch of the dungeon, and saw 5 of its levels.

You collected 33 gold pieces.

Inventory:

Armour
 a - a +0 robe (worn)
Scrolls
 d - a scroll of identify
 f - 2 scrolls of amnesia
 h - a scroll of remove curse
 k - a scroll of immolation
Potions
 e - a potion of lignification
 g - a potion of haste
Books
 b - a book of Conjurations

   Spells                             Type                      Level
   a - Magic Dart                     Conjuration                  1
   b - Searing Ray                    Conjuration                  2
   c - Dazzling Spray                 Conjuration/Hexes            3
   d - Fulminant Prism                Conjuration/Hexes            4
   e - Iskenderun's Mystic Blast      Conjuration                  4
   f - Iskenderun's Battlesphere      Conjuration/Charms           5
Comestibles
 c - 2 bread rations


   Skills:
 - Level 2.4 Dodging
 - Level 2.4 Stealth
 + Level 4.0 Spellcasting
 * Level 5.7 Conjurations


You had 7 spell levels left.
You knew the following spells:

 Your Spells              Type           Power        Failure   Level  Hunger
a - Magic Dart            Conj           ####         1%          1    None
b - Searing Ray           Conj           ####..       1%          2    #......


Dungeon Overview and Level Annotations

Branches:
Dungeon (5/15)
 Temple: D:4-7

Altars:
Cheibriados
Fedhas


Message History

You finish channeling your searing ray.
A crimson imp comes into view.
The crimson imp shouts!
The crimson imp blinks!
The crimson imp blinks!
There is a stone staircase leading up here.
The crimson imp hits you.
* * * LOW HITPOINT WARNING * * *
You climb upwards.
There is a stone staircase leading down here.
You closely miss the crimson imp.
The crimson imp hits you but does no damage.
You hit the crimson imp but do no damage.
The crimson imp hits you.
* * * LOW HITPOINT WARNING * * *
The crimson imp blinks!
There is a stone staircase leading down here.
The crimson imp blinks!
You climb downwards.
The jackal skeleton bites you.
You die...

##########
..........#
#..........#
#.........(# ####
#..........##...###.
#...................
#.........@.#.......
#.........Z.######..
#...........#
............#
.......######
....(.. .......
#####.# #.


You could see a jackal skeleton.

Vanquished Creatures
  A giant frog skeleton (D:5)
  A gnoll (D:4)
  2 adders
  2 giant geckos
  A giant cockroach (D:3)
  2 quokkas (D:2)
  2 giant newts (D:2)
  A goblin (D:3)
12 creatures vanquished.

Notes
Turn   | Place    | Note
-------+----------+-------------------------------------------
     0 | D:1      | PurpleRed the Deep Elf Conjurer began the quest for the Orb.
     0 | D:1      | Reached XP level 1. HP: 10/10 MP: 6/6
    65 | D:2      | Found a snail-covered altar of Cheibriados.
   153 | D:2      | Reached skill level 5 in Conjurations
   153 | D:2      | Reached XP level 2. HP: 15/15 MP: 0/8
   157 | D:2      | Learned a level 2 spell: Searing Ray
   161 | D:2      | Found a faded altar of an unknown god.
   292 | D:4      | Found a blossoming altar of Fedhas.
   296 | D:4      | Reached XP level 3. HP: 10/19 MP: 2/10
   369 | D:5      | Entered Level 5 of the Dungeon
   399 | D:5      | Slain by a jackal skeleton

Vault maps used:
D:1:      dpeg_arrival_tiny_a
D:2:      cheibriados_altar_1, ecumenical_altar_2, first_bread,
          minmay_tromino_i4
D:3:      uniq_sigmund
D:4:      fedhas_altar_1, uniq_robin
D:5:      grunt_temple_overflow_holy_war, lemuel_doored_altar, uniq_pikel

Skill      XL: |  1  2  3 |
---------------+----------+-----
Conjurations   | 5 |  5.7
Spellcasting   | 4 |  4.0
Dodging        | |  2.4
Stealth        | |  2.4

Action                   || total
-------------------------++-------
Melee: Unarmed           ||     2
 Cast: Magic Dart        ||    37
       Searing Ray       ||     1
  Use: Potion            ||     2
       Scroll            ||     8
Armor: Robe              ||     1
Dodge: Dodged            ||    11
